AoeStats
← Buckleupbuckaru

Black Forest

507103608Analyzed
3v3 RM · 15d ago on Sep 16, 2026· 78m 54s· 6 players
Game mode
Random Map
Map size
Normal (6 player)
Population
200
Speed
Normal
Resources
Standard
Victory
Conquest
Starting age
Dark Age
Ending age
Imperial Age
RankedLock teamsTeams togetherTeam positionsShared explorationLock speedFull tech treeHidden civsTurbo modeCheats
Victory
Defeat
🇺🇸 Goths · United States
895
+14
🇪🇸 Bohemians · Spain
789
+18
🇬🇧 Spanish · United Kingdom
782
+19
🇸🇪 Celts · Sweden
908
-37
🇸🇪 Magyars · Sweden
847
-24
🇦🇺 Slavs · Australia
771
-31
mattelatte
0:59 Loom
14:48 Feudal Age
15:46 Double-Bit Axe
15:44 Horse Collar
21:13 Castle Age
24:38 Bow Saw
26:51 Wheelbarrow
26:02 Town Watch
27:59 Fervor
30:07 Gold Mining
30:07 Stone Mining
30:14 Stone Mining
31:50 Heavy Plow
32:27 Hand Cart
33:16 Caravan
33:25 Caravan
34:05 Husbandry
34:16 Bloodlines
37:18 Corvinian Army
41:18 Imperial Age
39:35 Coinage
38:51 Light Cavalry
41:10 Scale Barding Armor
40:56 Fletching
42:19 Gold Shaft Mining
41:27 Hussar
41:56 Elite Magyar Huszar
43:11 Hoardings
43:10 Conscription
45:24 Conscription
46:52 Chain Barding Armor
46:28 Bodkin Arrow
46:57 Ballistics
47:37 Chemistry
46:19 Treadmill Crane
46:34 Murder Holes
46:51 Masonry
48:47 Heresy
48:28 Devotion
56:11 Recurve Bow
60:01 Bracer
60:01 Padded Archer Armor
60:37 Plate Barding Armor
60:16 Siege Engineers
60:36 Heavy Cavalry Archer
61:42 Parthian Tactics
61:53 Leather Archer Armor
69:59 Thumb Ring
71:58 Ring Archer Armor
Buckleupbuckaru
13:55 Feudal Age
15:16 Wheelbarrow
14:27 Town Watch
16:12 Double-Bit Axe
16:09 Horse Collar
27:12 Castle Age
25:44 Gold Mining
25:44 Stone Mining
28:35 Gold Shaft Mining
32:40 Bow Saw
33:20 Scale Barding Armor
34:49 Chain Barding Armor
34:36 Heavy Plow
36:31 Hand Cart
36:16 Town Patrol
41:37 Detinets
50:19 Imperial Age
50:25 Imperial Age
53:02 Sappers
55:38 Elite Boyar
58:13 Hoardings
64:22 Two-Man Saw
64:08 Plate Barding Armor
Iggy le Pop
11:07 Feudal Age
15:03 Castle Age
15:20 Stone Mining
16:36 Double-Bit Axe
18:57 Horse Collar
23:39 Bow Saw
23:50 Heavy Plow
26:33 Scale Mail Armor
26:44 Forging
27:37 Wheelbarrow
27:29 Gold Mining
28:28 Stone Shaft Mining
34:06 Imperial Age
31:55 Hand Cart
33:20 Chain Mail Armor
33:40 Iron Casting
33:41 Town Watch
33:44 Loom
34:29 Caravan
34:12 Elite Woad Raider
35:18 Conscription
38:51 Capped Ram
39:35 Siege Ram
Mongkadai
0:52 Loom
12:11 Feudal Age
17:53 Castle Age
15:59 Double-Bit Axe
17:41 Stone Mining
17:52 Gold Mining
25:38 Squires
26:05 Forging
25:57 Scale Mail Armor
26:44 Horse Collar
30:20 Wheelbarrow
29:52 Heavy Plow
31:36 Iron Casting
34:35 Chain Mail Armor
40:16 Imperial Age
38:56 Anarchy
39:25 Hand Cart
40:31 Pikeman
42:36 Blast Furnace
41:29 Halberdier
44:07 Fletching
45:29 Capped Ram
46:02 Elite Huskarl
47:05 Conscription
59:11 Coinage
61:15 Bow Saw
63:19 Chemistry
63:21 Two-Man Saw
66:50 Bodkin Arrow
74:05 Banking
Louis Theroux
1:59 Loom
minipabloz
0:28 Loom
12:58 Feudal Age
13:36 Double-Bit Axe
24:56 Castle Age
25:57 Bow Saw
29:47 Horse Collar
33:45 Imperial Age
33:21 Heavy Plow
35:38 Chemistry
37:56 Two-Man Saw
37:45 Wheelbarrow
50:52 Caravan
51:22 Coinage
51:03 Guilds
53:15 Arson
53:31 Squires
52:51 Pikeman
53:24 Halberdier
54:58 Scale Mail Armor
55:08 Forging
59:06 Iron Casting
58:46 Chain Mail Armor
77:22 Spies/Treason
Connection lost

Rejoining the realm…

Still unreachable

The connection could not be restored.

Session expired

The server has moved on; the page needs a fresh start.